Harfangs vs Carnivores
Created - 25 avril 2016 at 19:03
Goals
|
| Harfangs |
2 |
1 |
0 |
3 |
| Carnivores |
1 |
2 |
1 |
4 |
|
Shots
|
| Harfangs |
17 |
6 |
9 |
32 |
| Carnivores |
13 |
14 |
10 |
37 |
|
1st period
1. Harfangs , Peter Olvecky 26 (Andrew Orpik, Brian Lashoff) at 1:09
2. Harfangs , Peter Olvecky 27 (Brian Lashoff) at 10:56 (PP)
3. Carnivores , Joffrey Lupul 24 (Brendan Gallagher, Colton Orr) at 16:55
Penalties :
Brandon Pirri (BEA) for Tripping (Minor) at 2:58, Brendan Gallagher (Bre) for Hooking (Minor) at 10:42, Michal Repik (BEA) for Goalie Interference (Minor) at 12:02, Dustin Jeffrey (BEA) for Hooking (Minor) at 14:23
2nd period
4. Carnivores , Colton Orr 19 (Ryan Keller, Andy Miele) at 10:14
5. Harfangs , Brandon Pirri 8 (Peter Olvecky, Alexandre Picard) at 13:28
6. Carnivores , Chris Lawrence 40 (Bryan Berard, Blake Geoffrion) at 18:17 (PP)
Penalties :
Michal Repik (BEA) for Roughing (Minor) at 0:36, Ryan Keller (Bre) for Hooking (Minor) at 14:40, Emerson Etem (BEA) for High sticking (Minor) at 18:01
3rd period
7. Carnivores , Mikael Granlund 26 (Chris Lawrence, Patrick McNeill) at 12:21
Penalties :
Peter Olvecky (BEA) for Slashing (Minor) at 0:21, Andrew Orpik (BEA) for Hooking (Minor) at 12:27, Frederic St-Denis (Bre) for Delaying the game (Minor) at 17:24
Goalie Stats
Darcy Kuemper (BEA), 33 saves from 37 shots - (0,892), L, 11-17-1, 59:39 minutes
Steve Mason (Bre), 29 saves from 32 shots - (0,906), W, 13-8-3, 60:00 minutes
Players Stats for Harfangs
Player Name G A P +/- PIM S H SB GA TA FO MP PP MP PK MP
------------------------------------------------------------------------------------
Alex Killorn 0 0 0 0 0 0 2 0 0 0 4/15 17:39 1:51 5:34
Alexandre Picard 0 1 1 -1 0 3 2 2 1 0 0/0 28:07 2:02 6:22
Andrew Orpik 0 1 1 2 2 3 2 2 0 1 0/0 26:45 2:10 5:09
Brandon Pirri 1 0 1 1 2 5 0 0 1 0 5/11 12:45 0:00 0:37
Brian Lashoff 0 2 2 1 0 0 2 1 0 1 0/0 19:10 2:10 6:39
Brock Nelson 0 0 0 -1 0 6 0 0 0 1 9/16 17:32 2:14 5:26
Cam Fowler 0 0 0 -1 0 1 0 0 0 0 0/0 13:34 0:00 0:00
Chris Kreider 0 0 0 0 0 0 0 1 2 0 1/1 18:23 1:51 5:52
Dennis Everberg 0 0 0 -1 0 1 0 0 0 0 0/0 10:42 0:00 0:00
Dustin Jeffrey 0 0 0 -1 2 2 1 0 1 1 1/1 10:46 0:00 0:00
Dylan Olsen 0 0 0 -1 0 1 2 0 0 0 0/0 13:34 0:00 0:00
Emerson Etem 0 0 0 1 2 0 0 0 0 1 0/1 10:58 0:00 0:00
Michal Repik 0 0 0 0 4 0 1 0 0 0 0/0 14:38 1:58 1:05
Mike Hoffman 0 0 0 -1 0 3 2 1 0 0 0/0 11:40 2:14 0:00
Peter Olvecky 2 1 3 1 2 5 3 1 0 1 0/0 18:10 2:14 4:28
Petri Kontiola 0 0 0 -1 0 1 1 0 0 0 9/11 11:25 0:07 0:00
Tomas Tatar 0 0 0 -1 0 1 2 0 0 0 1/1 12:29 0:07 1:18
Victor Bartley 0 0 0 -2 0 0 2 1 0 0 0/0 19:26 2:02 6:10
Players Stats for Carnivores
Player Name G A P +/- PIM S H SB GA TA FO MP PP MP PK MP
------------------------------------------------------------------------------------
Adam Almquist 0 0 0 0 0 0 0 0 0 0 0/0 5:58 0:00 0:06
Andy Miele 0 1 1 0 0 1 3 1 0 0 6/13 19:47 5:24 2:11
Anton Gustafsson 0 0 0 -1 0 1 0 0 0 0 3/4 10:25 0:00 1:02
Blake Geoffrion 0 1 1 1 0 3 0 0 3 1 0/1 20:55 6:26 0:00
Bobby Sanguinetti 0 0 0 -1 0 2 0 1 1 1 0/0 16:56 5:03 0:00
Brendan Gallagher 0 1 1 -1 2 3 3 0 0 0 0/0 11:13 0:00 1:56
Bryan Berard 0 1 1 1 0 4 1 4 0 0 0/0 27:37 7:07 2:13
Chris Lawrence 1 1 2 1 0 3 2 0 0 0 0/3 21:56 6:26 1:02
Colton Orr 1 1 2 1 0 3 0 0 0 1 0/0 8:16 0:20 0:00
David Schlemko 0 0 0 0 0 0 0 0 0 0 0/0 6:49 0:00 1:07
Frederic St-Denis 0 0 0 1 2 1 0 1 0 0 0/0 8:33 0:00 0:48
Jeremy Welsh 0 0 0 0 0 2 0 1 0 0 1/1 11:32 0:00 0:00
Joffrey Lupul 1 0 1 -1 0 2 2 2 0 1 0/0 14:42 5:24 0:00
Lane MacDermid 0 0 0 1 0 3 0 0 1 0 0/0 9:28 0:20 0:54
Mikael Granlund 1 0 1 1 0 1 4 0 0 0 16/31 21:05 6:26 0:32
Nate Schmidt 0 0 0 1 0 2 1 3 0 1 0/0 27:32 7:07 1:58
Patrick McNeill 0 1 1 1 0 0 0 0 0 0 0/0 7:36 0:00 0:00
Phil Oreskovic 0 0 0 -1 0 0 0 2 0 0 0/0 19:08 5:03 2:12
Ryan Keller 0 1 1 0 2 6 2 2 1 0 0/1 18:01 5:24 0:47
Zack Smith 0 0 0 1 0 0 1 0 0 0 1/3 8:16 0:20 0:00
3 Stars
1 - Peter Olvecky (BEA)
2 - Chris Lawrence (Bre)
3 - Mikael Granlund (Bre)
Power Play
Harfangs - 1 on 3 Attempt(s) - 33,33%
Carnivores - 1 on 7 Attempt(s) - 14,29%
Penalty Kill
Harfangs - 6 on 7 Attempt(s) - 85,71%
- Score 0 goal in Penalty Kill
Carnivores - 2 on 3 Attempt(s) - 66,67%
- Score 0 goal in Penalty Kill
Team Stat
Harfangs - Hits : 22 - Faceoff Wins : 30 - Blocked Shots : 9 - Penalty Minutes : 14
Carnivores - Hits : 19 - Faceoff Wins : 27 - Blocked Shots : 17 - Penalty Minutes : 6
Official
Referees : Joannette Marc and Fraser Kerry
Linesman : Lonnie Cameron and Don Henderson
Game Notes
No Game Note
Finance
Level 1 -- Attendance: 1387 (69,35%) -- Ticket Income 49 932 $
Level 2 -- Attendance: 698 (69,80%) -- Ticket Income 12 564 $
Total Attendance: 2085 (69,50%)
Total Ticket Income: 62 496 $
Other Income: 3 125 $
Total Income: 65 621 $
Harfangs
5 vs 5 Forward
Center Left Wing Right Wing Time % Phy DF OF
1 Alex Killorn Chris Kreider Michal Repik 25 1 2 2
2 Brock Nelson Tomas Tatar Mike Hoffman 25 1 2 2
3 Petri Kontiola Dustin Jeffrey Dennis Everberg 25 1 2 2
4 Brandon Pirri Peter Olvecky Emerson Etem 25 1 2 2
5 vs 5 Defense
Defense Defense Time % Phy DF OF
1 Alexandre Picard Victor Bartley 25 1 2 2
2 Brian Lashoff Andrew Orpik 25 1 2 2
3 Cam Fowler Dylan Olsen 25 0 3 2
4 Alexandre Picard Andrew Orpik 25 1 2 2
PowerPlay Forward
Center Left Wing Right Wing Time % Phy DF OF
1 Alex Killorn Chris Kreider Michal Repik 50 1 2 2
2 Brock Nelson Peter Olvecky Mike Hoffman 50 1 2 2
PowerPlay Defense
Defense Defense Time % Phy DF OF
1 Alexandre Picard Victor Bartley 50 1 2 2
2 Andrew Orpik Brian Lashoff 50 1 2 2
Penalty Kill 4 Players Forward
Center Wing Time % Phy DF OF
1 Brock Nelson Peter Olvecky 50 1 2 2
2 Alex Killorn Chris Kreider 50 1 2 2
Penalty Kill 4 Players Defense
Defense Defense Time % Phy DF OF
1 Alexandre Picard Victor Bartley 50 1 2 2
2 Brian Lashoff Andrew Orpik 50 1 2 2
Penalty Kill - 3 Players Forward
Forward Time % Phy DF OF
1 Brock Nelson 50 1 2 2
2 Alex Killorn 50 1 2 2
Penalty Kill - 3 Players Defense
Defense Defense Time % Phy DF OF
1 Alexandre Picard Victor Bartley 50 1 2 2
2 Brian Lashoff Andrew Orpik 50 1 2 2
4 vs 4 Forward
Center Wing Time % Phy DF OF
1 Alex Killorn Chris Kreider 50 1 2 2
2 Brock Nelson Peter Olvecky 50 1 2 2
4 vs 4 Defense
Defense Defense Time % Phy DF OF
1 Alexandre Picard Victor Bartley 50 1 2 2
2 Andrew Orpik Brian Lashoff 50 1 2 2
Last Minutes Offensive
Center Left Wing Right Wing Defense Defense
Petri Kontiola Chris Kreider Michal Repik Alexandre Picard Andrew Orpik
Last Minutes Defensive
Center Left Wing Right Wing Defense Defense
Petri Kontiola Chris Kreider Michal Repik Brian Lashoff Andrew Orpik
Goaltenders
Starting : Darcy Kuemper
Backup : Jeremy Duchesne
Extra Forwards
Normal : Petri Kontiola, Chris Kreider, Peter Olvecky - PP : Petri Kontiola, Chris Kreider - PK : Michal Repik
Extra Defensemen
Normal : Alexandre Picard, Andrew Orpik, Victor Bartley - PP : Andrew Orpik - PK : Alexandre Picard, Victor Bartley
Penalty Shots
Tomas Tatar, Petri Kontiola, Dustin Jeffrey, Peter Olvecky, Michal Repik
Carnivores
5 vs 5 Forward
Center Left Wing Right Wing Time % Phy DF OF
1 Mikael Granlund Blake Geoffrion Chris Lawrence 40 1 2 2
2 Andy Miele Jeremy Welsh Ryan Keller 30 1 2 2
3 Anton Gustafsson Joffrey Lupul Brendan Gallagher 20 1 2 2
4 Zack Smith Lane MacDermid Colton Orr 10 2 1 2
5 vs 5 Defense
Defense Defense Time % Phy DF OF
1 Bryan Berard Nate Schmidt 40 1 2 2
2 Bobby Sanguinetti Phil Oreskovic 30 1 2 2
3 Patrick McNeill Frederic St-Denis 20 1 2 2
4 Adam Almquist David Schlemko 10 1 2 2
PowerPlay Forward
Center Left Wing Right Wing Time % Phy DF OF
1 Mikael Granlund Blake Geoffrion Chris Lawrence 60 1 1 3
2 Andy Miele Joffrey Lupul Ryan Keller 40 1 1 3
PowerPlay Defense
Defense Defense Time % Phy DF OF
1 Bryan Berard Nate Schmidt 60 1 2 2
2 Bobby Sanguinetti Phil Oreskovic 40 1 2 2
Penalty Kill 4 Players Forward
Center Wing Time % Phy DF OF
1 Andy Miele Brendan Gallagher 60 1 2 2
2 Anton Gustafsson Chris Lawrence 40 1 2 2
Penalty Kill 4 Players Defense
Defense Defense Time % Phy DF OF
1 Bryan Berard Nate Schmidt 60 1 2 2
2 Phil Oreskovic Frederic St-Denis 40 1 2 2
Penalty Kill - 3 Players Forward
Forward Time % Phy DF OF
1 Chris Lawrence 60 1 2 2
2 Andy Miele 40 1 2 2
Penalty Kill - 3 Players Defense
Defense Defense Time % Phy DF OF
1 Bryan Berard Nate Schmidt 60 1 2 2
2 Phil Oreskovic Frederic St-Denis 40 1 2 2
4 vs 4 Forward
Center Wing Time % Phy DF OF
1 Andy Miele Brendan Gallagher 60 1 2 2
2 Mikael Granlund Ryan Keller 40 1 2 2
4 vs 4 Defense
Defense Defense Time % Phy DF OF
1 Bryan Berard Nate Schmidt 60 1 2 2
2 Bobby Sanguinetti Phil Oreskovic 40 1 2 2
Last Minutes Offensive
Center Left Wing Right Wing Defense Defense
Mikael Granlund Blake Geoffrion Ryan Keller Bryan Berard Nate Schmidt
Last Minutes Defensive
Center Left Wing Right Wing Defense Defense
Andy Miele Blake Geoffrion Chris Lawrence Bryan Berard Nate Schmidt
Goaltenders
Starting : Steve Mason
Backup : Antti Raanta
Extra Forwards
Normal : Ryan Keller, Chris Lawrence, Blake Geoffrion - PP : Ryan Keller, Chris Lawrence - PK : Ryan Keller
Extra Defensemen
Normal : Nate Schmidt, Frederic St-Denis, Bobby Sanguinetti - PP : Nate Schmidt - PK : Nate Schmidt, Frederic St-Denis
Penalty Shots
Andy Miele, Ryan Keller, Mikael Granlund, Blake Geoffrion, Joffrey Lupul
% Time on Ice - Harfangs
Lines # - Real PCT - Wanted PCT - Time Play
Normal Forward
1 - 24% - 25% - 10:19
2 - 26% - 25% - 11:12
3 - 25% - 25% - 10:42
4 - 25% - 25% - 10:59
Normal Defense
1 - 26% - 25% - 11:14
2 - 23% - 25% - 9:59
3 - 31% - 25% - 13:34
4 - 19% - 25% - 8:25
PP Forward
1 - 47% - 50% - 1:58
2 - 53% - 50% - 2:14
PP Defense
1 - 48% - 50% - 2:02
2 - 52% - 50% - 2:10
PK Forward
1 - 52% - 50% - 6:17
2 - 48% - 50% - 5:53
PK Defense
1 - 45% - 50% - 5:31
2 - 55% - 50% - 6:39
PK3 Forward
1 - 0% - 50%
2 - 0% - 50%
PK3 Defense
1 - 0% - 50%
2 - 0% - 50%
44 Forward
1 - 0% - 50%
2 - 0% - 50%
44 Defense
1 - 0% - 50%
2 - 0% - 50%
Last Minute Offensive - 0:26
Last Minute Defensive - 0:00
Total
Forward - 60:00
Defense - 60:00
|
% Time on Ice - Carnivores
Lines # - Real PCT - Wanted PCT - Time Play
Normal Forward
1 - 35% - 40% - 15:11
2 - 27% - 30% - 11:51
3 - 22% - 20% - 9:18
4 - 16% - 10% - 6:52
Normal Defense
1 - 42% - 40% - 18:12
2 - 28% - 30% - 11:53
3 - 18% - 20% - 7:36
4 - 13% - 10% - 5:31
PP Forward
1 - 56% - 60% - 6:46
2 - 44% - 40% - 5:24
PP Defense
1 - 58% - 60% - 7:07
2 - 42% - 40% - 5:03
PK Forward
1 - 75% - 60% - 3:10
2 - 25% - 40% - 1:02
PK Defense
1 - 35% - 60% - 1:29
2 - 65% - 40% - 2:43
PK3 Forward
1 - 0% - 60%
2 - 0% - 40%
PK3 Defense
1 - 0% - 60%
2 - 0% - 40%
44 Forward
1 - 0% - 60%
2 - 0% - 40%
44 Defense
1 - 0% - 60%
2 - 0% - 40%
Last Minute Offensive - 0:00
Last Minute Defensive - 0:26
Total
Forward - 60:00
Defense - 60:00
|
Play by Play
1st period
0:01 of 1st period - Mikael Granlund wins face-off versus Alex Killorn in neutral zone.
0:26 of 1st period - Andy Miele is hit by Victor Bartley and loses puck.
1:03 of 1st period - Slapshot by Peter Olvecky.
1:03 of 1st period - Stopped by Steve Mason with a rebound.
1:07 of 1st period - Snap shot by Peter Olvecky.
1:07 of 1st period - Stopped by Steve Mason with a rebound.
1:09 of 1st period - Wrist shot by Peter Olvecky.
1:09 of 1st period - Goal by Peter Olvecky - Harfangs : 1 - Carnivores : 0.
1:10 of 1st period - Brandon Pirri wins face-off versus Mikael Granlund in neutral zone.
1:13 of 1st period - Slapshot by Brandon Pirri.
1:13 of 1st period - Stopped by Steve Mason without a rebound.
1:14 of 1st period - Mikael Granlund wins face-off versus Brandon Pirri in Carnivores zone.
1:47 of 1st period - Snap shot by Petri Kontiola.
1:47 of 1st period - Stopped by Steve Mason with a rebound.
1:49 of 1st period - Snap shot by Dustin Jeffrey.
1:49 of 1st period - Shot Blocked by Frederic St-Denis.
2:19 of 1st period - Snap shot by Jeremy Welsh.
2:19 of 1st period - Stopped by Darcy Kuemper with a rebound.
2:58 of 1st period - Minor Penalty to Brandon Pirri for Tripping.
2:59 of 1st period - Mikael Granlund wins face-off versus Alex Killorn in Harfangs zone.
3:31 of 1st period - Wrist shot by Ryan Keller.
3:31 of 1st period - Stopped by Darcy Kuemper with a rebound.
3:33 of 1st period - Snap shot by Bobby Sanguinetti.
3:33 of 1st period - Shot Blocked by Andrew Orpik.
4:58 of 1st period - Penalty to Brandon Pirri is over, Brandon Pirri is back on ice.
5:07 of 1st period - Colton Orr is hit by Tomas Tatar and loses puck.
5:20 of 1st period - Brian Lashoff is hit by Zack Smith and loses puck.
6:01 of 1st period - Slapshot by Andrew Orpik.
6:01 of 1st period - Stopped by Steve Mason without a rebound.
6:02 of 1st period - Petri Kontiola wins face-off versus Andy Miele in Carnivores zone.
6:16 of 1st period - Wrist shot by Ryan Keller.
6:16 of 1st period - Stopped by Darcy Kuemper with a rebound.
6:18 of 1st period - Wrist shot by Ryan Keller.
6:18 of 1st period - Stopped by Darcy Kuemper without a rebound.
6:19 of 1st period - Anton Gustafsson wins face-off versus Petri Kontiola in Harfangs zone.
6:32 of 1st period - Snap shot by Joffrey Lupul.
6:32 of 1st period - Shot Hit the Post.
6:56 of 1st period - Snap shot by Ryan Keller.
6:56 of 1st period - Shot Misses the Net.
6:58 of 1st period - Snap shot by Andy Miele.
6:58 of 1st period - Shot Misses the Net.
7:07 of 1st period - Off-side.
7:08 of 1st period - Brock Nelson wins face-off versus Mikael Granlund in neutral zone.
7:13 of 1st period - Snap shot by Brock Nelson.
7:13 of 1st period - Stopped by Steve Mason with a rebound.
7:15 of 1st period - Snap shot by Brock Nelson.
7:15 of 1st period - Stopped by Steve Mason with a rebound.
7:17 of 1st period - Slapshot by Dylan Olsen.
7:17 of 1st period - Stopped by Steve Mason with a rebound.
7:19 of 1st period - Wrist shot by Cam Fowler.
7:19 of 1st period - Stopped by Steve Mason with a rebound.
7:21 of 1st period - Backhand shot by Mike Hoffman.
7:21 of 1st period - Stopped by Steve Mason with a rebound.
9:26 of 1st period - Snap shot by Brandon Pirri.
9:26 of 1st period - Stopped by Steve Mason without a rebound.
9:27 of 1st period - Alex Killorn wins face-off versus Andy Miele in Carnivores zone.
9:36 of 1st period - Wrist shot by Chris Kreider.
9:36 of 1st period - Shot Misses the Net.
9:54 of 1st period - Brandon Pirri is hit by Chris Lawrence and loses puck.
10:00 of 1st period - Icing by Brandon Pirri.
10:01 of 1st period - Brandon Pirri wins face-off versus Mikael Granlund in Harfangs zone.
10:07 of 1st period - Off-side.
10:08 of 1st period - Mikael Granlund wins face-off versus Alex Killorn in neutral zone.
10:15 of 1st period - Snap shot by Blake Geoffrion.
10:15 of 1st period - Shot Blocked by Andrew Orpik.
10:33 of 1st period - Backhand shot by Bryan Berard.
10:33 of 1st period - Stopped by Darcy Kuemper with a rebound.
10:42 of 1st period - Minor Penalty to Brendan Gallagher for Hooking.
10:43 of 1st period - Andy Miele wins face-off versus Brock Nelson in Carnivores zone.
10:56 of 1st period - Snap shot by Peter Olvecky.
10:56 of 1st period - Goal by Peter Olvecky - Harfangs : 2 - Carnivores : 0.
10:57 of 1st period - Petri Kontiola wins face-off versus Ryan Keller in neutral zone.
11:08 of 1st period - Andy Miele is hit by Andrew Orpik and loses puck.
11:14 of 1st period - Off-side.
11:15 of 1st period - Mikael Granlund wins face-off versus Brandon Pirri in neutral zone.
11:18 of 1st period - Alexandre Picard is hit by Mikael Granlund and loses puck.
11:45 of 1st period - Snap shot by Andy Miele.
11:45 of 1st period - Stopped by Darcy Kuemper with a rebound.
11:47 of 1st period - Wrist shot by Andy Miele.
11:47 of 1st period - Shot Misses the Net.
12:02 of 1st period - Minor Penalty to Michal Repik for Goalie Interference.
12:03 of 1st period - Brock Nelson wins face-off versus Mikael Granlund in Harfangs zone.
12:33 of 1st period - Chris Lawrence is hit by Peter Olvecky and loses puck.
13:02 of 1st period - Snap shot by Ryan Keller.
13:02 of 1st period - Shot Misses the Net.
13:46 of 1st period - Wrist shot by Bobby Sanguinetti.
13:46 of 1st period - Stopped by Darcy Kuemper without a rebound.
13:47 of 1st period - Brandon Pirri wins face-off versus Mikael Granlund in Harfangs zone.
14:02 of 1st period - Penalty to Michal Repik is over, Michal Repik is back on ice.
14:23 of 1st period - Minor Penalty to Dustin Jeffrey for Hooking.
14:24 of 1st period - Andy Miele wins face-off versus Alex Killorn in Harfangs zone.
14:24 of 1st period - Wrist shot by Ryan Keller.
14:24 of 1st period - Stopped by Darcy Kuemper without a rebound.
14:25 of 1st period - Andy Miele wins face-off versus Alex Killorn in Harfangs zone.
14:36 of 1st period - Snap shot by Ryan Keller.
14:36 of 1st period - Stopped by Darcy Kuemper with a rebound.
14:38 of 1st period - Wrist shot by Nate Schmidt.
14:38 of 1st period - Stopped by Darcy Kuemper with a rebound.
14:40 of 1st period - Slapshot by Bryan Berard.
14:40 of 1st period - Deflect By Chris Kreider.
14:40 of 1st period - Stopped by Darcy Kuemper with a rebound.
15:00 of 1st period - Wrist shot by Brock Nelson.
15:00 of 1st period - Shot Blocked by Nate Schmidt.
16:18 of 1st period - Chris Lawrence is hit by Michal Repik and loses puck.
16:23 of 1st period - Penalty to Dustin Jeffrey is over, Dustin Jeffrey is back on ice.
16:37 of 1st period - Slapshot by Petri Kontiola.
16:37 of 1st period - Shot Misses the Net.
16:55 of 1st period - Wrist shot by Joffrey Lupul.
16:55 of 1st period - Goal by Joffrey Lupul - Harfangs : 2 - Carnivores : 1.
16:56 of 1st period - Brock Nelson wins face-off versus Andy Miele in neutral zone.
16:59 of 1st period - Snap shot by Alexandre Picard.
16:59 of 1st period - Shot Blocked by Bryan Berard.
17:21 of 1st period - Andrew Orpik is hit by Mikael Granlund and loses puck.
17:48 of 1st period - Anton Gustafsson is hit by Dylan Olsen and loses puck.
17:53 of 1st period - Wrist shot by Alex Killorn.
17:53 of 1st period - Shot Blocked by Joffrey Lupul.
17:56 of 1st period - Icing by Frederic St-Denis.
17:57 of 1st period - Anton Gustafsson wins face-off versus Brock Nelson in Carnivores zone.
18:12 of 1st period - Wrist shot by Brock Nelson.
18:12 of 1st period - Stopped by Steve Mason with a rebound.
18:18 of 1st period - Snap shot by Anton Gustafsson.
18:18 of 1st period - Shot Misses the Net.
18:24 of 1st period - Snap shot by Joffrey Lupul.
18:24 of 1st period - Deflect By Brendan Gallagher.
18:24 of 1st period - Stopped by Darcy Kuemper with a rebound.
18:44 of 1st period - Slapshot by Alexandre Picard.
18:44 of 1st period - Stopped by Steve Mason without a rebound.
18:45 of 1st period - Mikael Granlund wins face-off versus Brandon Pirri in Carnivores zone.
19:06 of 1st period - Wrist shot by Brandon Pirri.
19:06 of 1st period - Stopped by Steve Mason with a rebound.
19:16 of 1st period - Wrist shot by Blake Geoffrion.
19:16 of 1st period - Deflect By Mikael Granlund.
19:16 of 1st period - Shot Blocked by Victor Bartley.
19:16 of 1st period - Puck is out of play.
19:17 of 1st period - Petri Kontiola wins face-off versus Andy Miele in Harfangs zone.
19:30 of 1st period - Wrist shot by Dustin Jeffrey.
19:30 of 1st period - Stopped by Steve Mason without a rebound.
19:31 of 1st period - Mikael Granlund wins face-off versus Brock Nelson in Carnivores zone.
Goals for this period are 2 for Harfangs vs 1 for Carnivores.
Shots for this period are 17 for Harfangs vs 13 for Carnivores.
2nd period
0:01 of 2nd period - Petri Kontiola wins face-off versus Chris Lawrence in neutral zone.
0:36 of 2nd period - Minor Penalty to Michal Repik for Roughing.
0:37 of 2nd period - Brock Nelson wins face-off versus Mikael Granlund in Harfangs zone.
1:32 of 2nd period - Slapshot by Chris Lawrence.
1:32 of 2nd period - Stopped by Darcy Kuemper with a rebound.
2:34 of 2nd period - Brian Lashoff is hit by Bryan Berard and loses puck.
2:36 of 2nd period - Penalty to Michal Repik is over, Michal Repik is back on ice.
3:07 of 2nd period - Slapshot by Brock Nelson.
3:07 of 2nd period - Shot Misses the Net.
4:05 of 2nd period - Wrist shot by Alex Killorn.
4:05 of 2nd period - Shot Misses the Net.
4:35 of 2nd period - Brock Nelson is hit by Joffrey Lupul and loses puck.
5:22 of 2nd period - Snap shot by Peter Olvecky.
5:22 of 2nd period - Shot Blocked by Jeremy Welsh.
5:59 of 2nd period - Brendan Gallagher is hit by Alexandre Picard and loses puck.
6:27 of 2nd period - Colton Orr is hit by Brian Lashoff and loses puck.
6:55 of 2nd period - Wrist shot by Dennis Everberg.
6:55 of 2nd period - Stopped by Steve Mason with a rebound.
7:25 of 2nd period - Slapshot by Colton Orr.
7:25 of 2nd period - Deflect By Lane MacDermid.
7:25 of 2nd period - Stopped by Darcy Kuemper without a rebound.
7:26 of 2nd period - Andy Miele wins face-off versus Brandon Pirri in Harfangs zone.
8:01 of 2nd period - Colton Orr is hit by Peter Olvecky and loses puck.
8:20 of 2nd period - Slapshot by Andrew Orpik.
8:20 of 2nd period - Stopped by Steve Mason with a rebound.
8:46 of 2nd period - Backhand shot by Ryan Keller.
8:46 of 2nd period - Shot Misses the Net.
8:48 of 2nd period - Wrist shot by Ryan Keller.
8:48 of 2nd period - Shot Misses the Net.
9:12 of 2nd period - Victor Bartley is hit by Brendan Gallagher and loses puck.
9:27 of 2nd period - Snap shot by Mike Hoffman.
9:27 of 2nd period - Shot Blocked by Joffrey Lupul.
9:29 of 2nd period - Snap shot by Tomas Tatar.
9:29 of 2nd period - Stopped by Steve Mason with a rebound.
10:08 of 2nd period - Snap shot by Colton Orr.
10:08 of 2nd period - Stopped by Darcy Kuemper with a rebound.
10:10 of 2nd period - Wrist shot by Colton Orr.
10:10 of 2nd period - Shot Misses the Net.
10:12 of 2nd period - Snap shot by Colton Orr.
10:12 of 2nd period - Stopped by Darcy Kuemper with a rebound.
10:14 of 2nd period - Wrist shot by Colton Orr.
10:14 of 2nd period - Goal by Colton Orr - Harfangs : 2 - Carnivores : 2.
10:15 of 2nd period - Mikael Granlund wins face-off versus Alex Killorn in neutral zone.
11:05 of 2nd period - Slapshot by Brandon Pirri.
11:05 of 2nd period - Stopped by Steve Mason with a rebound.
11:07 of 2nd period - Slapshot by Alexandre Picard.
11:07 of 2nd period - Shot Blocked by Ryan Keller.
11:09 of 2nd period - Slapshot by Peter Olvecky.
11:09 of 2nd period - Stopped by Steve Mason without a rebound.
11:10 of 2nd period - Petri Kontiola wins face-off versus Chris Lawrence in Carnivores zone.
11:40 of 2nd period - Icing by Joffrey Lupul.
11:41 of 2nd period - Brock Nelson wins face-off versus Anton Gustafsson in Carnivores zone.
11:50 of 2nd period - Snap shot by Tomas Tatar.
11:50 of 2nd period - Shot Misses the Net.
11:59 of 2nd period - Wrist shot by Brendan Gallagher.
11:59 of 2nd period - Stopped by Darcy Kuemper without a rebound.
12:00 of 2nd period - Petri Kontiola wins face-off versus Mikael Granlund in Harfangs zone.
12:15 of 2nd period - Blake Geoffrion is hit by Alexandre Picard and loses puck.
12:29 of 2nd period - Icing by Chris Kreider.
12:30 of 2nd period - Chris Kreider wins face-off versus Andy Miele in Harfangs zone.
12:44 of 2nd period - Bobby Sanguinetti is hit by Alex Killorn and loses puck.
13:07 of 2nd period - Bobby Sanguinetti is hit by Tomas Tatar and loses puck.
13:24 of 2nd period - Wrist shot by Peter Olvecky.
13:24 of 2nd period - Shot Blocked by Bobby Sanguinetti.
13:26 of 2nd period - Snap shot by Peter Olvecky.
13:26 of 2nd period - Shot Blocked by Phil Oreskovic.
13:28 of 2nd period - Slapshot by Brandon Pirri.
13:28 of 2nd period - Goal by Brandon Pirri - Harfangs : 3 - Carnivores : 2.
13:29 of 2nd period - Petri Kontiola wins face-off versus Mikael Granlund in neutral zone.
13:36 of 2nd period - Slapshot by Andrew Orpik.
13:36 of 2nd period - Shot Misses the Net.
13:38 of 2nd period - Slapshot by Andrew Orpik.
13:38 of 2nd period - Shot Misses the Net.
13:45 of 2nd period - Icing by Nate Schmidt.
13:46 of 2nd period - Mikael Granlund wins face-off versus Brandon Pirri in Carnivores zone.
14:13 of 2nd period - Snap shot by Andy Miele.
14:13 of 2nd period - Shot Misses the Net.
14:15 of 2nd period - Slapshot by Nate Schmidt.
14:15 of 2nd period - Deflect By Jeremy Welsh.
14:15 of 2nd period - Stopped by Darcy Kuemper with a rebound.
14:17 of 2nd period - Slapshot by Bryan Berard.
14:17 of 2nd period - Deflect By Brock Nelson.
14:17 of 2nd period - Stopped by Darcy Kuemper without a rebound.
14:18 of 2nd period - Alex Killorn wins face-off versus Andy Miele in Harfangs zone.
14:18 of 2nd period - Alex Killorn is hit by Ryan Keller.
14:40 of 2nd period - Minor Penalty to Ryan Keller for Hooking.
14:41 of 2nd period - Andy Miele wins face-off versus Alex Killorn in Carnivores zone.
14:54 of 2nd period - Slapshot by Brendan Gallagher.
14:54 of 2nd period - Shot Misses the Net.
14:56 of 2nd period - Backhand shot by Andy Miele.
14:56 of 2nd period - Shot Misses the Net.
15:06 of 2nd period - Andy Miele is hit by Peter Olvecky and loses puck.
15:15 of 2nd period - Wrist shot by Peter Olvecky.
15:15 of 2nd period - Shot Blocked by Bryan Berard.
15:17 of 2nd period - Snap shot by Mike Hoffman.
15:17 of 2nd period - Shot Misses the Net.
16:30 of 2nd period - Peter Olvecky is hit by Chris Lawrence.
16:40 of 2nd period - Penalty to Ryan Keller is over, Ryan Keller is back on ice.
16:50 of 2nd period - Snap shot by Lane MacDermid.
16:50 of 2nd period - Stopped by Darcy Kuemper without a rebound.
16:51 of 2nd period - Dustin Jeffrey wins face-off versus Zack Smith in Harfangs zone.
17:05 of 2nd period - Snap shot by Dustin Jeffrey.
17:05 of 2nd period - Shot Misses the Net.
17:08 of 2nd period - Icing by Colton Orr.
17:09 of 2nd period - Alex Killorn wins face-off versus Zack Smith in Carnivores zone.
18:01 of 2nd period - Minor Penalty to Emerson Etem for High sticking.
18:02 of 2nd period - Mikael Granlund wins face-off versus Alex Killorn in Harfangs zone.
18:07 of 2nd period - Snap shot by Chris Lawrence.
18:07 of 2nd period - Shot Misses the Net.
18:09 of 2nd period - Slapshot by Nate Schmidt.
18:09 of 2nd period - Shot Blocked by Alexandre Picard.
18:13 of 2nd period - Slapshot by Chris Lawrence.
18:13 of 2nd period - Stopped by Darcy Kuemper with a rebound.
18:17 of 2nd period - Snap shot by Chris Lawrence.
18:17 of 2nd period - Goal by Chris Lawrence - Harfangs : 3 - Carnivores : 3.
18:18 of 2nd period - Mikael Granlund wins face-off versus Brock Nelson in neutral zone.
18:28 of 2nd period - Icing by Andrew Orpik.
18:29 of 2nd period - Mikael Granlund wins face-off versus Brock Nelson in Harfangs zone.
19:17 of 2nd period - Slapshot by Bryan Berard.
19:17 of 2nd period - Stopped by Darcy Kuemper with a rebound.
19:43 of 2nd period - Slapshot by Bobby Sanguinetti.
19:43 of 2nd period - Stopped by Darcy Kuemper with a rebound.
19:45 of 2nd period - Slapshot by Lane MacDermid.
19:45 of 2nd period - Stopped by Darcy Kuemper with a rebound.
19:57 of 2nd period - Blake Geoffrion is hit by Dylan Olsen and loses puck.
Goals for this period are 1 for Harfangs vs 2 for Carnivores.
Shots for this period are 6 for Harfangs vs 14 for Carnivores.
3rd period
0:01 of 3rd period - Brandon Pirri wins face-off versus Mikael Granlund in neutral zone.
0:21 of 3rd period - Minor Penalty to Peter Olvecky for Slashing.
0:22 of 3rd period - Mikael Granlund wins face-off versus Brock Nelson in Harfangs zone.
0:47 of 3rd period - Wrist shot by Andy Miele.
0:47 of 3rd period - Shot Misses the Net.
2:21 of 3rd period - Penalty to Peter Olvecky is over, Peter Olvecky is back on ice.
4:26 of 3rd period - Zack Smith is hit by Victor Bartley and loses puck.
5:09 of 3rd period - Icing by Zack Smith.
5:10 of 3rd period - Anton Gustafsson wins face-off versus Emerson Etem in Carnivores zone.
5:19 of 3rd period - Backhand shot by Joffrey Lupul.
5:19 of 3rd period - Deflect By Anton Gustafsson.
5:19 of 3rd period - Shot Misses the Net.
5:19 of 3rd period - Puck is out of play.
5:20 of 3rd period - Tomas Tatar wins face-off versus Mikael Granlund in Harfangs zone.
5:20 of 3rd period - Tomas Tatar is hit by Mikael Granlund.
5:26 of 3rd period - Chris Lawrence is hit by Andrew Orpik and loses puck.
6:12 of 3rd period - Wrist shot by Anton Gustafsson.
6:12 of 3rd period - Stopped by Darcy Kuemper with a rebound.
6:14 of 3rd period - Slapshot by Phil Oreskovic.
6:14 of 3rd period - Shot Misses the Net.
6:16 of 3rd period - Snap shot by Brendan Gallagher.
6:16 of 3rd period - Stopped by Darcy Kuemper without a rebound.
6:17 of 3rd period - Mikael Granlund wins face-off versus Brock Nelson in Harfangs zone.
6:20 of 3rd period - Wrist shot by Chris Lawrence.
6:20 of 3rd period - Deflect By Blake Geoffrion.
6:20 of 3rd period - Stopped by Darcy Kuemper with a rebound.
6:22 of 3rd period - Slapshot by Nate Schmidt.
6:22 of 3rd period - Stopped by Darcy Kuemper with a rebound.
6:24 of 3rd period - Snap shot by Bryan Berard.
6:24 of 3rd period - Shot Blocked by Alexandre Picard.
6:26 of 3rd period - Backhand shot by Blake Geoffrion.
6:26 of 3rd period - Stopped by Darcy Kuemper with a rebound.
6:28 of 3rd period - Snap shot by Nate Schmidt.
6:28 of 3rd period - Shot Misses the Net.
6:30 of 3rd period - Slapshot by Bryan Berard.
6:30 of 3rd period - Shot Blocked by Mike Hoffman.
6:49 of 3rd period - Chris Kreider is hit by Andy Miele and loses puck.
7:06 of 3rd period - Peter Olvecky is hit by Brendan Gallagher and loses puck.
7:11 of 3rd period - Slapshot by Brendan Gallagher.
7:11 of 3rd period - Shot Blocked by Peter Olvecky.
7:30 of 3rd period - Snap shot by Dustin Jeffrey.
7:30 of 3rd period - Stopped by Steve Mason without a rebound.
7:31 of 3rd period - Brock Nelson wins face-off versus Mikael Granlund in Carnivores zone.
7:34 of 3rd period - Snap shot by Brock Nelson.
7:34 of 3rd period - Stopped by Steve Mason without a rebound.
7:35 of 3rd period - Brock Nelson wins face-off versus Blake Geoffrion in Carnivores zone.
7:44 of 3rd period - Slapshot by Brock Nelson.
7:44 of 3rd period - Stopped by Steve Mason without a rebound.
7:45 of 3rd period - Brock Nelson wins face-off versus Mikael Granlund in Carnivores zone.
7:56 of 3rd period - Wrist shot by Mikael Granlund.
7:56 of 3rd period - Shot Misses the Net.
8:02 of 3rd period - Mikael Granlund is hit by Mike Hoffman and loses puck.
8:27 of 3rd period - Andy Miele is hit by Alex Killorn and loses puck.
8:47 of 3rd period - Andrew Orpik is hit by Joffrey Lupul and loses puck.
9:55 of 3rd period - Off-side.
9:56 of 3rd period - Jeremy Welsh wins face-off versus Brandon Pirri in neutral zone.
10:01 of 3rd period - Emerson Etem is hit by Ryan Keller and loses puck.
10:12 of 3rd period - Wrist shot by Andy Miele.
10:12 of 3rd period - Deflect By Peter Olvecky.
10:12 of 3rd period - Shot Blocked by Brian Lashoff.
10:12 of 3rd period - Puck is out of play.
10:13 of 3rd period - Alex Killorn wins face-off versus Chris Lawrence in Harfangs zone.
10:39 of 3rd period - Wrist shot by Mike Hoffman.
10:39 of 3rd period - Stopped by Steve Mason with a rebound.
10:45 of 3rd period - Snap shot by Brock Nelson.
10:45 of 3rd period - Shot Misses the Net.
10:47 of 3rd period - Snap shot by Tomas Tatar.
10:47 of 3rd period - Deflect By Mike Hoffman.
10:47 of 3rd period - Stopped by Steve Mason with a rebound.
10:49 of 3rd period - Slapshot by Tomas Tatar.
10:49 of 3rd period - Deflect By Mike Hoffman.
10:49 of 3rd period - Shot Misses the Net.
10:49 of 3rd period - Puck is out of play.
10:50 of 3rd period - Petri Kontiola wins face-off versus Mikael Granlund in Carnivores zone.
10:59 of 3rd period - Mikael Granlund is hit by Dustin Jeffrey.
11:15 of 3rd period - Andrew Orpik is hit by Andy Miele and loses puck.
12:19 of 3rd period - Wrist shot by Mikael Granlund.
12:19 of 3rd period - Shot Misses the Net.
12:21 of 3rd period - Snap shot by Chris Lawrence.
12:21 of 3rd period - Deflect By Mikael Granlund.
12:21 of 3rd period - Deflect By Victor Bartley.
12:21 of 3rd period - Goal by Mikael Granlund - Harfangs : 3 - Carnivores : 4.
12:22 of 3rd period - Mikael Granlund wins face-off versus Petri Kontiola in neutral zone.
12:24 of 3rd period - Bryan Berard is hit by Petri Kontiola and loses puck.
12:27 of 3rd period - Minor Penalty to Andrew Orpik for Hooking.
12:28 of 3rd period - Mikael Granlund wins face-off versus Alex Killorn in Harfangs zone.
13:35 of 3rd period - Snap shot by Ryan Keller.
13:35 of 3rd period - Shot Blocked by Chris Kreider.
13:37 of 3rd period - Slapshot by Joffrey Lupul.
13:37 of 3rd period - Stopped by Darcy Kuemper with a rebound.
13:45 of 3rd period - Slapshot by Ryan Keller.
13:45 of 3rd period - Shot Misses the Net.
13:47 of 3rd period - Slapshot by Ryan Keller.
13:47 of 3rd period - Stopped by Darcy Kuemper without a rebound.
13:48 of 3rd period - Brock Nelson wins face-off versus Mikael Granlund in Harfangs zone.
14:27 of 3rd period - Penalty to Andrew Orpik is over, Andrew Orpik is back on ice.
14:41 of 3rd period - Icing by Alexandre Picard.
14:42 of 3rd period - Zack Smith wins face-off versus Alex Killorn in Harfangs zone.
15:17 of 3rd period - Snap shot by Dustin Jeffrey.
15:17 of 3rd period - Shot Blocked by Ryan Keller.
15:19 of 3rd period - Slapshot by Alexandre Picard.
15:19 of 3rd period - Stopped by Steve Mason with a rebound.
16:01 of 3rd period - Wrist shot by Tomas Tatar.
16:01 of 3rd period - Deflect By Brock Nelson.
16:01 of 3rd period - Stopped by Steve Mason with a rebound.
16:34 of 3rd period - Andy Miele is hit by Mike Hoffman and loses puck.
16:45 of 3rd period - Wrist shot by Chris Kreider.
16:45 of 3rd period - Shot Blocked by Phil Oreskovic.
17:01 of 3rd period - Wrist shot by Blake Geoffrion.
17:01 of 3rd period - Stopped by Darcy Kuemper without a rebound.
17:02 of 3rd period - Brandon Pirri wins face-off versus Mikael Granlund in Harfangs zone.
17:17 of 3rd period - Frederic St-Denis is hit by Brian Lashoff and loses puck.
17:24 of 3rd period - Minor Penalty to Frederic St-Denis for Delaying the game.
17:25 of 3rd period - Andy Miele wins face-off versus Alex Killorn in Carnivores zone.
17:34 of 3rd period - Alex Killorn is hit by Brendan Gallagher.
17:50 of 3rd period - Mike Hoffman is hit by Andy Miele and loses puck.
18:38 of 3rd period - Alexandre Picard is hit by Nate Schmidt and loses puck.
19:24 of 3rd period - Penalty to Frederic St-Denis is over, Frederic St-Denis is back on ice.
19:26 of 3rd period - Michal Repik is hit by Mikael Granlund and loses puck.
19:31 of 3rd period - Snap shot by Frederic St-Denis.
19:31 of 3rd period - Shot Misses the Net.
19:33 of 3rd period - Wrist shot by Nate Schmidt.
19:33 of 3rd period - Deflect By Frederic St-Denis.
19:33 of 3rd period - Stopped by Darcy Kuemper without a rebound.
19:34 of 3rd period - Rick Tocchet call a timeout for Harfangs.
19:34 of 3rd period - Petri Kontiola wins face-off versus Andy Miele in Harfangs zone.
19:39 of 3rd period - Harfangs, Darcy Kuemper is pulled from the net.
19:43 of 3rd period - Slapshot by Petri Kontiola.
19:43 of 3rd period - Shot Misses the Net.
19:45 of 3rd period - Snap shot by Alexandre Picard.
19:45 of 3rd period - Shot Blocked by Andy Miele.
19:47 of 3rd period - Wrist shot by Alexandre Picard.
19:47 of 3rd period - Shot Blocked by Nate Schmidt.
19:49 of 3rd period - Wrist shot by Petri Kontiola.
19:49 of 3rd period - Shot Misses the Net.
19:51 of 3rd period - Snap shot by Alexandre Picard.
19:51 of 3rd period - Stopped by Steve Mason with a rebound.
19:53 of 3rd period - Slapshot by Alexandre Picard.
19:53 of 3rd period - Shot Blocked by Bryan Berard.
19:55 of 3rd period - Snap shot by Andrew Orpik.
19:55 of 3rd period - Stopped by Steve Mason with a rebound.
19:57 of 3rd period - Snap shot by Petri Kontiola.
19:57 of 3rd period - Shot Blocked by Nate Schmidt.
19:59 of 3rd period - Wrist shot by Andrew Orpik.
19:59 of 3rd period - Shot Blocked by Bryan Berard.
Goals for this period are 0 for Harfangs vs 1 for Carnivores.
Shots for this period are 9 for Harfangs vs 10 for Carnivores.
Back to the Top